 Dungeon Crawl Stone Soup version 0.24.0-13-gcf9b319 (webtiles) character file.

Game seed: 15285039554526356295, levelgen mode: deterministic

681 Darlock the Covert (level 7, -6/46 HPs)
             Began as an Octopode Assassin on Dec 19, 2019.
             Mangled by a wight
             ... wielding a +6 scimitar
              (10 damage)
             ... on level 5 of the Dungeon.
             The game lasted 00:11:47 (2305 turns).

Darlock the Covert (Octopode Assassin)              Turns: 2305, Time: 00:11:48

Health: -6/46      AC:  1    Str: 10    XL:     7   Next: 61%
Magic:  0/7        EV: 13    Int: 14    God:
Gold:   298        SH:  0    Dex: 15    Spells: 6/6 levels left

rFire    . . .     SeeInvis +   a - +2 dagger
rCold    . . .     Gourm    .   (no shield)
rNeg     . . .     Faith    .   (helmet restricted)
rPois    +         Spirit   +   t - amulet of guardian spirit
rElec    .         Reflect  .   n - ring of see invisible
rCorr    .         Harm     .   o - ring of poison resistance
MR       .....     Rnd*Tele +   r - ring of teleportation (curse)
Stlth    +++++.....             (no ring)
HPRegen  0.15/turn              (no ring)
MPRegen  0.10/turn              (no ring)
                                (no ring)
                                (no ring)

@: drained
A: almost no armour, stealthy swim, amphibious, 8 rings, constrict 8, camouflage
1, gelatinous body 1
a: no special abilities


You were on level 5 of the Dungeon.
You were not hungry.

You visited 1 branch of the dungeon, and saw 6 of its levels.

You collected 298 gold pieces.

Inventory:

Hand Weapons
 a - a +2 dagger (weapon)
 v - a +2 dagger of speed
Missiles
 b - 20 poisoned darts
 c - 2 curare-tipped darts
 m - 5 javelins (quivered)
Jewellery
 n - a ring of see invisible (left tentacle)
 o - a ring of poison resistance (right tentacle)
 r - a cursed ring of teleportation (on tentacle)
 t - an amulet of guardian spirit (around mantle)
Wands
 h - a wand of acid (12)
Scrolls
 g - 5 scrolls of teleportation {unknown}
 i - 4 scrolls of remove curse {unknown}
 j - 2 scrolls of blinking {unknown}
 k - a scroll of magic mapping {unknown}
 l - a scroll of immolation {unknown}
 p - 2 scrolls of amnesia {unknown}
 q - 2 scrolls of noise {unknown}
 s - 4 scrolls of identify {unknown}
Potions
 e - 3 potions of mutation {unknown}
 f - a potion of heal wounds {unknown}
Comestibles
 d - 7 rations
 u - 3 chunks of flesh


   Skills:
 + Level 3.2(2.2) Fighting
 + Level 4.0(3.0) Short Blades
 + Level 2.3(1.4) Throwing
 + Level 2.0(1.1) Dodging
 + Level 10.4(9.2) Stealth


You had 6 spell levels left.
You didn't know any spells.
Your spell library contained the following spells:

 Spells                   Type           Power        Failure   Level  Hunger
 Animate Skeleton         Necr           N/A          28%         1    ##.....
 Apportation              Tloc           #.....       28%         1    ##.....
 Confusing Touch          Hex            #.....       28%         1    ##.....
 Summon Small Mammal      Summ           #...         28%         1    ##.....


Dungeon Overview and Level Annotations

Branches:
Dungeon (6/15)             Temple (0/1) D:4

Altars:
Elyvilon
Gozag


Innate Abilities, Weirdness & Mutations

You cannot wear most types of armour.
You are very stealthy in the water. (Stealth+)
You are amphibious.
You can wear up to eight rings at the same time.
You can use your tentacles to constrict eight enemies at once.
Your skin changes colour to match your surroundings (Stealth+).
Your rubbery body absorbs attacks. (AC +1, EV +1)


Message History

You constrict the wight, but do no damage.
The wight barely misses you.
You hit the wight.
The wight is moderately damaged.
You constrict the wight, but do no damage.
You hit the wight but do no damage.
You squeeze the wight, but do no damage.
The wight is moderately damaged.
You constrict the wight. The wight completely misses you.
You hit the wight.
The wight is heavily damaged.
You constrict the wight. The wight hits you with a +6 scimitar.
* * * LOW HITPOINT WARNING * * *
You feel drained.
* * * LOW HITPOINT WARNING * * *
You release your grip on the wight.
You completely miss the wight. Your grab misses the wight.
The wight is heavily damaged.
The wight hits you with a +6 scimitar!
You die...

#......#
#...z....(.....#
###########.#
#.#######......#
...[......#.# #.#
##.#>###
.......#.##.# #.#
#.### ####...#.##.#
#.# #.# #...#.##.#
#.# #.# #...#.##.#
#z# #.# #...#.##.#
#z# #.#
#...#.##.####@#####
#.#
#......#.##...#...#
#.#
########.##.###.#.#
#.# #########.##.#
#.#.# #.#
#.........##.# #.#.#
#.# #.##########.#
#.#.# #.####### #.#
#.# #.#.# #.......#
#.# #.# #.#.#
#######.#
#.##########.###.#.#
#.#


You could see 2 wights.

Vanquished Creatures
  An ice beast (D:6)
  2 ogres
  A scorpion (D:5)
  A howler monkey (D:4)
  2 bullfrog skeletons (D:4)
  An orc priest (D:4)
  A hound (D:5)
  An orc wizard (D:6)
  Jessica (D:3)
  An iguana (D:6)
  2 worker ants (D:4)
  3 adders
  3 shadow imps
  3 worms
  A dart slug (D:3)
  2 leopard geckos
  An orc (D:2)
  A goblin (D:3)
  4 hobgoblins
  3 kobolds
  2 quokkas
  A ball python (D:5)
  A bat (D:3)
  2 frilled lizards
  2 rats
43 creatures vanquished.

Notes
Turn   | Place    | Note
-------+----------+-------------------------------------------
     0 | D:1      | Darlock the Octopode Assassin began the quest for the Orb.
     0 | D:1      | Reached XP level 1. HP: 14/14 MP: 1/1
   148 | D:2      | Reached XP level 2. HP: 5/19 MP: 2/2
   154 | D:2      | Reached skill level 6 in Stealth
   378 | D:3      | Reached XP level 3. HP: 21/24 MP: 3/3
   458 | D:3      | Noticed Jessica
   466 | D:3      | Killed Jessica
   466 | D:3      | Reached skill level 7 in Stealth
   519 | D:3      | Reached XP level 4. HP: 29/29 MP: 4/4
   740 | D:4      | Reached skill level 8 in Stealth
   740 | D:4      | Reached XP level 5. HP: 18/35 MP: 5/5
   834 | D:4      | Found an opulent altar of Gozag.
  1137 | D:4      | Found a staircase to the Ecumenical Temple.
  1156 | D:4      | Reached XP level 6. HP: 36/41 MP: 6/6
  1211 | D:4      | Reached skill level 9 in Stealth
  1249 | D:5      | Entered Level 5 of the Dungeon
  1860 | D:5      | Found a white marble altar of Elyvilon.
  1865 | D:5      | Reached XP level 7. HP: 45/45 MP: 7/7
  2149 | D:6      | Reached skill level 10 in Stealth
  2305 | D:5      | Mangled by a wight

Levels and vault maps discovered:
D:1:      dpeg_chamrin_arrival_tetris, layout_loops_corners
D:2:      layout_basic, first_ration, minmay_pentomino_z4
D:3:      layout_loops_ring, uniq_jessica
D:4:      layout_gridville, minmay_temple_entry_proselytizer, serial_shops,
          shop, nicolae_gozag_seed_capital
D:5:      layout_basic, elyvilon_altar_5
D:6:      layout_layer_cave, serial_shops, shop, lightli_sewer_entry_pipes,
          hangedman_minor_gate_pass

Skill      XL: |  1  2  3  4  5  6  7 |
---------------+----------------------+-----
Stealth        | 6 7 8 9 10 | 10.4
Short Blades   | 3 4 |  4.0
Fighting       | 3 |  3.2
Dodging        | 2 |  2.0
Throwing       | |  2.3

Action                   |  1- 3 |  4- 6 |  7- 9 || total
-------------------------+-------+-------+-------++-------
Melee: Dagger            |    30 |    56 |    19 ||   105
       Constrict         |     8 |     9 |     2 ||    19
       Tentacles         |     5 |    12 |     4 ||    21
Throw: Javelin           |       |     5 |     1 ||     6
 Stab: Sleeping          |     5 |     8 |     6 ||    19
  Eat: Chunk             |       |     1 |     3 ||     4
Armor: Skin              |       |     1 |       ||     1
Dodge: Dodged            |     9 |    28 |    15 ||    52
